| TOP OF THE 1ST |
|
West Michigan Whitecaps batting - Pitching for Greenville Drive : RHP Salisbury Swanson
|
|
Pitching: RHP Salisbury Swanson
|
|
|
Batting: RHB Aaron Cusick
|
0-0: Called Strike 0-1: Called Strike 0-2: Ball 1-2: Foul Ball, location: 2F 1-2: Strikes out swinging
|
|
Batting: RHB Mike Olsen
|
0-0: Called Strike 0-1: Called Strike 0-2: Foul Ball, location: 2F 0-2: Ball 1-2: Foul Ball, location: 2F 1-2: Ball 2-2: Fly out, F9 (Flyball, 9D, EV 98.8 MPH)
|
|
Batting: SHB Andy Vivas
|
0-0: Foul Ball, location: 2F 0-1: Ball 1-1: Ball 2-1: Ball 3-1: SINGLE (Groundball, 34D, EV 101.9 MPH)
|
|
Batting: RHB Bill Cabrera
|
0-0: Called Strike 0-1: Ball 1-1: Called Strike 1-2: Strikes out swinging
|
| Top of the 1st over - 0 runs, 1 hit, 0 errors, 1 left on base; West Michigan 0 - Greenville 0 |
| BOTTOM OF THE 1ST |
|
Greenville Drive batting - Pitching for West Michigan Whitecaps : RHP Dave Frazier
|
|
Pitching: RHP Dave Frazier
|
|
|
Batting: RHB David Norum
|
0-0: Ground out 1-3 (Groundball, P, EV 75.0 MPH)
|
|
Batting: LHB Sergio Tinoco
|
0-0: Ball 1-0: Called Strike 1-1: Ball 2-1: Swinging Strike 2-2: Ball 3-2: Base on Balls
|
|
Batting: RHB Dan Friess
|
0-0: DOUBLE (Flyball, 78D, EV 106.9 MPH) Sergio Tinoco to third Sergio Tinoco scores
|
|
Batting: RHB Devon Fourcade
|
0-0: Fly out, F9 (Line Drive, 9D, EV 91.3 MPH)
|
|
Batting: RHB David Clark
|
0-0: Ball 1-0: Ball 2-0: Ball Passed Ball! Dan Friess to third 3-0: Base on Balls
|
|
Batting: RHB Larry Brocato
|
0-0: Ball 1-0: Swinging Strike 1-1: Ball 2-1: Called Strike 2-2: Foul Ball, location: 2F 2-2: Ball 3-2: SINGLE (Groundball, 23, EV 63.8 MPH) (infield hit) Dan Friess scores David Clark to second
|
|
Batting: RHB John Chiesa
|
0-0: Ball 1-0: Ball 2-0: Called Strike 2-1: Ball 3-1: Called Strike 3-2: Fly out, F9 (Flyball, 89M, EV 90.6 MPH)
|
| Bottom of the 1st over - 2 runs, 2 hits, 0 errors, 2 left on base; West Michigan 0 - Greenville 2 |
| TOP OF THE 2ND |
|
West Michigan Whitecaps batting - Pitching for Greenville Drive : RHP Salisbury Swanson
|
|
Batting: RHB Dan Becvar
|
0-0: Foul Ball, location: 2F 0-1: Ball 1-1: Ball 2-1: Ball 3-1: Fly out, F8 (Flyball, 8RD, EV 99.4 MPH)
|
|
Batting: RHB Jon Pierce
|
0-0: SINGLE (Groundball, 34D, EV 105.0 MPH)
|
|
Batting: RHB Victor Reyes
|
0-0: Ball 1-0: Ball 2-0: Swinging Strike 2-1: Ball 3-1: Foul Ball, location: 2F 3-2: Foul Ball, location: 2F 3-2: Base on Balls Jon Pierce to second
|
|
Batting: RHB Vince Chipman
|
0-0: Reached on error, E1 (Groundball, 13S, EV 68.8 MPH) Jon Pierce to third Victor Reyes to second
|
|
Batting: RHB Sergio Valbuena
|
0-0: Called Strike 0-1: Ball 1-1: Called Strike 1-2: Ball 2-2: Strikes out swinging
|
|
Batting: RHB Aaron Cusick
|
0-0: Called Strike 0-1: Ball 1-1: Swinging Strike 1-2: Ground out U3 (Groundball, 3, EV 84.4 MPH)
|
| Top of the 2nd over - 0 runs, 1 hit, 1 error, 3 left on base; West Michigan 0 - Greenville 2 |
| BOTTOM OF THE 2ND |
|
Greenville Drive batting - Pitching for West Michigan Whitecaps : RHP Dave Frazier
|
|
Batting: RHB Mike Cavagnaro
|
0-0: Ball 1-0: Fly out, F9 (Line Drive, 9S, EV 88.1 MPH)
|
|
Batting: RHB Erik Nunez
|
0-0: Swinging Strike 0-1: SINGLE (Groundball, 4MD, EV 105.6 MPH)
|
|
Batting: RHB David Norum
|
0-0: Ball 1-0: Ball 2-0: Ball 3-0: Called Strike 3-1: Fly out, F4 (Line Drive, 4, EV 69.4 MPH)
|
|
Batting: LHB Sergio Tinoco
|
0-0: Called Strike 0-1: Called Strike 0-2: Ground out 4-3 (Groundball, 4, EV 86.3 MPH)
|
| Bottom of the 2nd over - 0 runs, 1 hit, 0 errors, 1 left on base; West Michigan 0 - Greenville 2 |
| TOP OF THE 3RD |
|
West Michigan Whitecaps batting - Pitching for Greenville Drive : RHP Salisbury Swanson
|
|
Batting: RHB Mike Olsen
|
0-0: Ball 1-0: Fly out, F7 (Flyball, 7, EV 81.9 MPH)
|
|
Batting: SHB Andy Vivas
|
0-0: Ball 1-0: Called Strike 1-1: Ball 2-1: Fly out, F9 (Line Drive, 9, EV 91.9 MPH)
|
|
Batting: RHB Bill Cabrera
|
0-0: Called Strike 0-1: Foul Ball, location: 2F 0-2: Strikes out swinging
|
| Top of the 3rd over - 0 runs, 0 hits, 0 errors, 0 left on base; West Michigan 0 - Greenville 2 |
| BOTTOM OF THE 3RD |
|
Greenville Drive batting - Pitching for West Michigan Whitecaps : RHP Dave Frazier
|
|
Batting: RHB Dan Friess
|
0-0: Ball 1-0: Ball 2-0: Ball 3-0: Base on Balls
|
|
Batting: RHB Devon Fourcade
|
0-0: Fly out, F7 (Line Drive, 7, EV 94.4 MPH)
|
|
Batting: RHB David Clark
|
0-0: Foul Ball, location: 2F 0-1: Swinging Strike 0-2: Ball 1-2: Ball 2-2: Foul Ball, location: 2F 2-2: SINGLE (Line Drive, 7S, EV 108.8 MPH) Dan Friess to second
|
|
Batting: RHB Larry Brocato
|
0-0: Called Strike 0-1: Ball 1-1: Fly out, F9 (Flyball, 9, EV 88.1 MPH)
|
|
Batting: RHB John Chiesa
|
0-0: Ball 1-0: Called Strike 1-1: Fly out, F9 (Flyball, 89D, EV 85.6 MPH)
|
| Bottom of the 3rd over - 0 runs, 1 hit, 0 errors, 2 left on base; West Michigan 0 - Greenville 2 |
| TOP OF THE 4TH |
|
West Michigan Whitecaps batting - Pitching for Greenville Drive : RHP Salisbury Swanson
|
|
Batting: RHB Dan Becvar
|
0-0: Fly out, F8 (Flyball, 8LXD, EV 89.4 MPH)
|
|
Batting: RHB Jon Pierce
|
0-0: Called Strike 0-1: Ball 1-1: Called Strike 1-2: Fly out, F7 (Flyball, 7, EV 90.0 MPH)
|
|
Batting: RHB Victor Reyes
|
0-0: SINGLE (Line Drive, 9S, EV 96.9 MPH)
|
|
Batting: RHB Vince Chipman
|
0-0: Foul Ball, location: 2F 0-1: Ball 1-1: Ball 2-1: Foul Ball, location: 2F 2-2: Ball 3-2: SINGLE (Groundball, 5D, EV 100.0 MPH) Victor Reyes to second Victor Reyes to third
|
|
Batting: RHB Sergio Valbuena
|
0-0: Called Strike 0-1: Fielders Choice at 2nd, 6-4 (Groundball, 6, EV 81.3 MPH)
|
| Top of the 4th over - 0 runs, 2 hits, 0 errors, 2 left on base; West Michigan 0 - Greenville 2 |
| BOTTOM OF THE 4TH |
|
Greenville Drive batting - Pitching for West Michigan Whitecaps : RHP Dave Frazier
|
|
Batting: RHB Mike Cavagnaro
|
0-0: Ball 1-0: Foul Ball, location: 2F 1-1: SINGLE (Groundball, 56D, EV 103.8 MPH)
|
|
Batting: RHB Erik Nunez
|
0-0: Ball 1-0: Ball 2-0: Ball 3-0: Called Strike 3-1: Base on Balls Mike Cavagnaro to second
|
|
Batting: RHB David Norum
|
0-0: Ball 1-0: Foul Ball, location: 2F 1-1: Ball 2-1: Ground out 5-3 (Groundball, 5S, EV 63.8 MPH) Mike Cavagnaro to third Erik Nunez to second
|
|
Batting: LHB Sergio Tinoco
|
0-0: Called Strike 0-1: Ball 1-1: Ball 2-1: Foul Ball, location: 2F 2-2: Foul Ball, location: 2F 2-2: Ball 3-2: Base on Balls
|
|
Batting: RHB Dan Friess
|
0-0: Foul Ball, location: 2F 0-1: Foul Ball, location: 2F 0-2: Ball 1-2: Foul Ball, location: 2F 1-2: Ball 2-2: Strikes out looking
|
|
Batting: RHB Devon Fourcade
|
0-0: SINGLE (Flyball, 8RM, EV 95.6 MPH) Mike Cavagnaro scores Erik Nunez to third Sergio Tinoco to second Runner from 3rd tries for Home, SAFE, throw by CF to home
|
|
Batting: RHB David Clark
|
0-0: Fielders Choice at 2nd, 6-4 (Groundball, 6, EV 79.4 MPH)
|
| Bottom of the 4th over - 2 runs, 2 hits, 0 errors, 2 left on base; West Michigan 0 - Greenville 4 |
| TOP OF THE 5TH |
|
West Michigan Whitecaps batting - Pitching for Greenville Drive : RHP Salisbury Swanson
|
|
Batting: RHB Aaron Cusick
|
0-0: Ball 1-0: Called Strike 1-1: Ball 2-1: Ground out 5-3 (Groundball, 56, EV 101.3 MPH)
|
|
Batting: RHB Mike Olsen
|
0-0: Ball 1-0: Ball 2-0: Foul Ball, location: 2F 2-1: Ball 3-1: Called Strike 3-2: DOUBLE (Line Drive, 8LD, EV 98.8 MPH)
|
|
Batting: SHB Andy Vivas
|
0-0: Ball Passed Ball! Mike Olsen to third 1-0: Called Strike 1-1: Foul Ball, location: 2F 1-2: Strikes out looking
|
|
Batting: RHB Bill Cabrera
|
0-0: Ball 1-0: Ground out 6-3 (Groundball, 6S, EV 90.6 MPH)
|
| Top of the 5th over - 0 runs, 1 hit, 0 errors, 1 left on base; West Michigan 0 - Greenville 4 |
| BOTTOM OF THE 5TH |
|
Greenville Drive batting - Pitching for West Michigan Whitecaps : RHP Dave Frazier
|
|
Batting: RHB Larry Brocato
|
0-0: Called Strike 0-1: Ball 1-1: Ball 2-1: Swinging Strike 2-2: Ball 3-2: SINGLE (Line Drive, 9S, EV 90.0 MPH)
|
|
Batting: RHB John Chiesa
|
0-0: Ball 1-0: Grounds into double play, 6-4-3 (Groundball, 6, EV 96.9 MPH)
|
|
Batting: RHB Mike Cavagnaro
|
0-0: Ball 1-0: Ground out 6-3 (Groundball, 6, EV 106.3 MPH)
|
| Bottom of the 5th over - 0 runs, 1 hit, 0 errors, 0 left on base; West Michigan 0 - Greenville 4 |
| TOP OF THE 6TH |
|
West Michigan Whitecaps batting - Pitching for Greenville Drive : RHP Salisbury Swanson
|
|
Batting: RHB Dan Becvar
|
0-0: Ball 1-0: SINGLE (Groundball, 6MD, EV 105.0 MPH)
|
|
Pitching: LHP Jason Kell
|
|
|
Batting: RHB Jon Pierce
|
0-0: Ball 1-0: Fielders Choice at 2nd, 5-4 (Groundball, 5, EV 85.0 MPH)
|
|
Batting: RHB Victor Reyes
|
0-0: Fielders Choice at 2nd, 6-4 (Groundball, 56, EV 91.3 MPH)
|
|
Batting: RHB Vince Chipman
|
0-0: Fielders Choice at 2nd, 6-4 (Groundball, 6, EV 104.4 MPH)
|
| Top of the 6th over - 0 runs, 1 hit, 0 errors, 1 left on base; West Michigan 0 - Greenville 4 |
| BOTTOM OF THE 6TH |
|
Greenville Drive batting - Pitching for West Michigan Whitecaps : RHP Dave Frazier
|
|
Batting: RHB Erik Nunez
|
0-0: Ground out 1-3 (Groundball, 34S, EV 74.4 MPH)
|
|
Batting: RHB David Norum
|
0-0: Called Strike 0-1: Fly out, F8 (Flyball, 8RM, EV 86.9 MPH)
|
|
Batting: LHB Sergio Tinoco
|
0-0: Ball 1-0: Ball 2-0: Ground out 5-3 (Groundball, 5, EV 100.0 MPH)
|
| Bottom of the 6th over - 0 runs, 0 hits, 0 errors, 0 left on base; West Michigan 0 - Greenville 4 |
| TOP OF THE 7TH |
|
West Michigan Whitecaps batting - Pitching for Greenville Drive : LHP Jason Kell
|
|
Batting: RHB Sergio Valbuena
|
0-0: Ground out 6-3 (Groundball, 6, EV 83.8 MPH)
|
|
Batting: RHB Aaron Cusick
|
0-0: Called Strike 0-1: Swinging Strike 0-2: Strikes out swinging
|
|
Batting: RHB Mike Olsen
|
0-0: Ball 1-0: SINGLE (Groundball, 4MD, EV 103.8 MPH)
|
|
Batting: SHB Andy Vivas
|
0-0: Called Strike Pickoff Throw to First - Error! E1 Mike Olsen to second 0-1: Ball 1-1: Ball 2-1: Foul Ball, location: 2F 2-2: Strikes out swinging
|
| Top of the 7th over - 0 runs, 1 hit, 1 error, 1 left on base; West Michigan 0 - Greenville 4 |
| BOTTOM OF THE 7TH |
|
Greenville Drive batting - Pitching for West Michigan Whitecaps : RHP Dave Frazier
|
|
Batting: RHB Dan Friess
|
0-0: Ball 1-0: Foul Ball, location: 2F 1-1: Ball 2-1: SINGLE (Groundball, 34D, EV 103.8 MPH)
|
|
Pitching: RHP David Esposito
|
|
|
Batting: RHB Devon Fourcade
|
0-0: Ball 1-0: Ball 2-0: SINGLE (Groundball, 56D, EV 93.8 MPH) Dan Friess to second
|
|
Batting: RHB David Clark
|
0-0: Ground out U3 (Groundball, 34S, EV 73.1 MPH) Dan Friess to third Devon Fourcade to second
|
|
Batting: RHB Larry Brocato
|
0-0: Ball 1-0: Ball 2-0: Called Strike 2-1: Ball 3-1: Foul Ball, location: 2F 3-2: Base on Balls
|
|
Batting: RHB John Chiesa
|
0-0: Swinging Strike 0-1: Ball 1-1: Ball 2-1: Foul Ball, location: 2F 2-2: SINGLE (Groundball, 6S, EV 68.1 MPH) (infield hit) Dan Friess scores Devon Fourcade to third Larry Brocato to second
|
|
Batting: RHB Mike Cavagnaro
|
0-0: Swinging Strike 0-1: Ball 1-1: Fly out, F7 (Flyball, 78M, EV 95.0 MPH)
|
|
Pitching: RHP Daisuke Tashima
|
|
|
Batting: RHB Erik Nunez
|
0-0: Called Strike 0-1: Foul Ball, location: 2F 0-2: Ball 1-2: Strikes out swinging
|
| Bottom of the 7th over - 1 run, 3 hits, 0 errors, 3 left on base; West Michigan 0 - Greenville 5 |
| TOP OF THE 8TH |
|
West Michigan Whitecaps batting - Pitching for Greenville Drive : LHP Jason Kell
|
|
Batting: RHB Bill Cabrera
|
0-0: Ball 1-0: Called Strike 1-1: Ball 2-1: Called Strike 2-2: Ball 3-2: Strikes out swinging
|
|
Batting: RHB Dan Becvar
|
0-0: Swinging Strike 0-1: SINGLE (Line Drive, 9S, EV 95.6 MPH)
|
|
Batting: RHB Jon Pierce
|
0-0: Ball 1-0: Ball 2-0: Foul Ball, location: 2F 2-1: Foul Ball, location: 2F 2-2: Grounds into double play, 5-4-3 (Groundball, 5S, EV 91.3 MPH)
|
| Top of the 8th over - 0 runs, 1 hit, 0 errors, 0 left on base; West Michigan 0 - Greenville 5 |
| BOTTOM OF THE 8TH |
|
Greenville Drive batting - Pitching for West Michigan Whitecaps : RHP Daisuke Tashima
|
|
Batting: RHB David Norum
|
0-0: Ball 1-0: SINGLE (Groundball, 56D, EV 93.8 MPH)
|
|
Batting: LHB Sergio Tinoco
|
0-0: Swinging Strike 0-1: Ball 1-1: Foul Ball, location: 2F 1-2: Strikes out swinging
|
|
Batting: RHB Dan Friess
|
0-0: Ball 1-0: Ball 2-0: Ball 3-0: Called Strike 3-1: SINGLE (Line Drive, 4MD, EV 98.8 MPH) David Norum to second Runner from 2nd tries for 3rd, OUT! 8-5
|
|
Batting: RHB Devon Fourcade
|
0-0: Called Strike 0-1: Ball 1-1: SINGLE (Flyball, 34D, EV 91.3 MPH) Dan Friess to second Runner from 2nd tries for 3rd, SAFE, throw by RF made to third
|
|
Pitching: RHP Vince Stocker
|
|
|
Batting: RHB David Clark
|
0-0: Ball 1-0: Called Strike 1-1: Fly out, F3 (Line Drive, 3, EV 73.8 MPH)
|
| Bottom of the 8th over - 0 runs, 3 hits, 0 errors, 2 left on base; West Michigan 0 - Greenville 5 |
| TOP OF THE 9TH |
|
West Michigan Whitecaps batting - Pitching for Greenville Drive : LHP Jason Kell
|
|
Batting: RHB Victor Reyes
|
0-0: Ground out 6-3 (Groundball, 6, EV 85.6 MPH)
|
|
Batting: RHB Vince Chipman
|
0-0: SINGLE (Line Drive, 78M, EV 98.1 MPH)
|
|
Batting: RHB Sergio Valbuena
|
0-0: Ball 1-0: Ball 2-0: SINGLE (Groundball, 56D, EV 104.4 MPH) Vince Chipman to second
|
|
Pitching: LHP Dave Martin
|
|
|
Batting: RHB Aaron Cusick
|
0-0: Ball 1-0: Ball 2-0: Ball 3-0: Called Strike 3-1: Base on Balls Vince Chipman to third Sergio Valbuena to second
|
|
Batting: RHB Mike Olsen
|
0-0: Ball 1-0: Called Strike 1-1: Grounds into double play, 5-4-3 (Groundball, 5, EV 86.9 MPH)
|
| Top of the 9th over - 0 runs, 2 hits, 0 errors, 2 left on base; West Michigan 0 - Greenville 5 |
|